 Dungeon Crawl Stone Soup version 0.19-a0-1815-g4007336 (webtiles) character file.

4036 Amnesiac the Basher (level 10, -2/148 HPs)
             Began as an Ogre Berserker on Oct 5, 2016.
             Was a High Priest of Trog.
             Slain by a yak (15 damage)
             ... on level 8 of the Dungeon.
             The game lasted 00:10:46 (8357 turns).

Amnesiac the Basher (Ogre Berserker)                Turns: 8357, Time: 00:10:47

Health: -2/148     AC:  5    Str: 32    XL:     10   Next: 24%
Magic:  11/11      EV: 13    Int:  6    God:    Trog [*****.]
Gold:   268        SH:  0    Dex: 12    Spells: 0 memorised, 9 levels left

rFire  . . .     SeeInvis .     e - +3 giant spiked club
rCold  . . .     Gourm    .     b - +0 animal skin
rNeg   . . .     Faith    .     (shield currently unavailable)
rPois  .         Spirit   .     (helmet restricted)
rElec  .         Dismiss  .     i - +1 cloak
rCorr  .         Reflect  .     (gloves unavailable)
MR     +....     Harm     .     (boots unavailable)
Stlth  ..........               (no amulet)
                                (no ring)
                                j - +3 ring of strength

@: berserking, very quick
A: unfitting armour, blink, frail 1, high mp 1, tough skin 1, MP-powered wands
a: Blink, Berserk, Trog's Hand, Brothers in Arms, Burn Spellbooks, Renounce
Religion


You were on level 8 of the Dungeon.
You worshipped Trog.
Trog was extremely pleased with you.
You were hungry.

You visited 1 branch of the dungeon, and saw 9 of its levels.

You collected 268 gold pieces.

Inventory:

Hand Weapons
 e - a +3 giant spiked club (weapon)
 s - a +0 whip of distortion
Armour
 b - a +0 animal skin (worn)
 i - a +1 cloak (worn)
Jewellery
 j - a +3 ring of strength (left hand)
 D - an uncursed ring of ice
Wands
 a - a wand of acid (13/15)
 y - a wand of iceblast (8/15)
Scrolls
 d - 3 scrolls of magic mapping
 k - 8 scrolls of remove curse
 l - 2 scrolls of teleportation
 p - a scroll of fog
 t - 3 scrolls of identify
 w - a scroll of enchant armour
Potions
 g - a potion of heal wounds
 h - 2 potions of lignification
 m - 6 potions of curing
 n - 2 potions of might
 o - a potion of beneficial mutation {unknown}
 u - 2 potions of degeneration {unknown}
 v - a potion of flight
 z - a potion of brilliance
 A - 2 potions of cancellation
 C - a potion of agility {unknown}
Books
 B - a book of Changes

   Spells                             Type                      Level
   a - Beastly Appendage              Transmutation                1
   b - Sticks to Snakes               Transmutation                2
   c - Spider Form                    Transmutation/Poison         3
   d - Ice Form                       Ice/Transmutation            4
   e - Blade Hands                    Transmutation                5
   Trog disapproves of the use of such an item.
Comestibles
 c - 5 bread rations
 f - a slice of pizza
 q - 4 meat rations
 r - 2 beef jerkies
 x - 4 fruits


   Skills:
 + Level 10.5 Fighting
 * Level 13.4 Maces & Flails
 + Level 7.0 Dodging


You had 9 spell levels left.
You didn't know any spells.

Dungeon Overview and Level Annotations

Branches:
Dungeon (9/15)             Temple (0/1) D:7
   Lair: D:8-11         Orc: D:9-12

Altars:
Elyvilon
Gozag
Hepliaklqana
Nemelex Xobeh
Qazlal
Uskayaw
Yredelemnul

Shops:
D:5 (   D:7 *   D:8 *%


Innate Abilities, Weirdness & Mutations

You are too large for most types of armour.
You have tough skin. (AC +1)
You can translocate small distances at will.
You are frail. (-10% HP)
You have an increased reservoir of magic. (+10% MP)
You expend magic power (3 MP) to strengthen your wands.


Message History

* * * LOW HITPOINT WARNING * * *
Prince Ribbit barely misses you.
You are too injured to fight recklessly!
You are too injured to fight recklessly!
Unknown command.
You stick Prince Ribbit like a pincushion!!!
You kill Prince Ribbit!
Trog accepts your kill.
Trog appreciates your killing of a magic user.
Your Dodging skill increases to level 7!
The howler monkey barely misses you. The yak barely misses you.
The yak gores you!
* * * LOW HITPOINT WARNING * * *
You impale the yak!!
The yak is heavily wounded.
The howler monkey hits you but does no damage.
The yak gores you!
* * * LOW HITPOINT WARNING * * *
The yak gores you!
You die...

#..## #...# ##..## #...##
#...# #..## ##...###...#
##..# #....##....# #..##
.....##....## ##..##
...###......### #....##
..###.........####.....##
.))..............Y......##
...).....####...@#####...##
.........# ##.Yh# ###..#
######..## #.∩## ##.# ##.#
#..# #.# #.# ##.# #.# #.#
#.# #.# #.# #.# #.# #.# #.#
#.# #.# #.# #.#


You could see 2 yaks and a howler monkey.

Vanquished Creatures
  A two-headed ogre (D:8)
  Prince Ribbit (D:8)
  6 yaks
  Eustachio (D:6)
  A hungry ghost (D:8)
  2 orc warriors (D:6)
  A sky beast (D:7)
  An ice beast (D:8)
  4 ogres
  3 centaurs
  A big kobold (D:8)
  3 bullfrogs
  A gnoll sergeant (D:7)
  2 scorpions
  2 howler monkeys (D:6)
  A crimson imp (D:5)
  A jelly (D:5)
  4 orc priests
  3 hounds
  A bullfrog skeleton (D:8)
  A centaur skeleton (D:5)
  An iguana (D:6)
  10 worker ants
  A hound zombie (D:6)
  4 hound skeletons
  A howler monkey zombie (D:5)
  Robin (D:4)
  7 adders
  12 gnolls
  A howler monkey skeleton (D:4)
  3 shadow imps
  An ooze (D:1)
  An adder zombie (D:5)
  An adder skeleton (D:6)
  3 dart slugs
  4 leopard geckos
  32 orcs
  2 giant cockroaches
  15 goblins
  13 hobgoblins
  14 jackals
  7 quokkas
  3 bats (D:1)
  7 frilled lizards
  2 jackal skeletons
  14 kobolds
  2 leopard gecko skeletons (D:4)
  A leopard gecko zombie (D:6)
  A quokka skeleton (D:4)
  4 rats
209 creatures vanquished.

Notes
Turn   | Place    | Note
-------+----------+-------------------------------------------
     0 | D:1      | Amnesiac the Ogre Berserker began the quest for the Orb.
     0 | D:1      | Reached XP level 1. HP: 24/24 MP: 1/1
    67 | D:1      | Reached XP level 2. HP: 19/32 MP: 2/2
    71 | D:1      | Reached XP level 3. HP: 22/40 MP: 3/3
   617 | D:2      | Reached ** piety under Trog
   625 | D:2      | Reached skill level 5 in Maces & Flails
   709 | D:2      | Reached XP level 4. HP: 47/49 MP: 4/4
   729 | D:2      | Found a hazy altar of Hepliaklqana.
   908 | D:2      | Found a sparkling altar of Nemelex Xobeh.
   910 | D:2      | Found a stormy altar of Qazlal.
  1243 | D:3      | Reached skill level 5 in Fighting
  1708 | D:3      | Reached XP level 5. HP: 54/57 MP: 5/5
  1997 | D:4      | Noticed an ogre
  2207 | D:4      | Killed an ogre
  2207 | D:4      | Reached skill level 6 in Maces & Flails
  2207 | D:4      | Reached XP level 6. HP: 30/66 MP: 6/6
  2547 | D:4      | Noticed Robin
  2589 | D:4      | Reached *** piety under Trog
  2622 | D:4      | Killed Robin
  2630 | D:4      | Reached skill level 7 in Maces & Flails
  3005 | D:4      | Reached XP level 7. HP: 75/75 MP: 7/7
  3465 | D:4      | Reached skill level 8 in Maces & Flails
  3667 | D:4      | Found a basalt altar of Yredelemnul.
  3719 | D:4      | Found a white marble altar of Elyvilon.
  3776 | D:5      | Entered Level 5 of the Dungeon
  4022 | D:5      | Reached skill level 9 in Maces & Flails
  4022 | D:5      | Reached XP level 8. HP: 50/87 MP: 8/8
  4056 | D:5      | Found Regikhli's Antique Weapon Shop.
  4595 | D:6      | Noticed a dagger
  4596 | D:6      | Found a hide-covered altar of Uskayaw.
  4597 | D:6      | Noticed a hand axe
  4615 | D:6      | Reached skill level 5 in Dodging
  4944 | D:6      | Reached skill level 10 in Maces & Flails
  5314 | D:6      | Reached **** piety under Trog
  5397 | D:7      | Found Nots's Assorted Antiques.
  5397 | D:7      | Noticed a yak
  5397 | D:7      | Noticed a yak
  5397 | D:7      | Noticed a yak
  5397 | D:7      | Noticed a yak
  5397 | D:7      | Noticed a yak
  5470 | D:6      | Killed a yak
  5685 | D:7      | Reached XP level 9. HP: 57/97 MP: 9/9
  5691 | D:7      | Reached skill level 11 in Maces & Flails
  5705 | D:7      | Noticed Eustachio
  6002 | D:6      | Killed Eustachio
  6295 | D:7      | Gained mutation: You are frail. (-10% HP) [mutagenic meat]
  6298 | D:7      | Gained mutation: You expend magic power (3 MP) to strengthen your wands. [mutagenic meat]
  6301 | D:7      | Gained mutation: You have an increased reservoir of magic. (+10% MP) [mutagenic meat]
  6304 | D:7      | Gained mutation: You can translocate small distances at will. [mutagenic meat]
  6557 | D:6      | Reached skill level 12 in Maces & Flails
  7134 | D:7      | Found a staircase to the Ecumenical Temple.
  7253 | D:8      | Found an opulent altar of Gozag.
  7257 | D:8      | Found Gozag's Platinum Reserve.
  7319 | D:8      | Reached ***** piety under Trog
  7508 | D:8      | Found Nucvoeju's Food Boutique.
  7739 | D:8      | Noticed a two-headed ogre
  7748 | D:8      | Killed a two-headed ogre
  7748 | D:8      | Reached skill level 10 in Fighting
  7748 | D:8      | Reached skill level 13 in Maces & Flails
  7748 | D:8      | Reached XP level 10. HP: 70/99 MP: 11/11
  8348 | D:9      | Noticed Prince Ribbit
  8356 | D:8      | Killed Prince Ribbit
  8357 | D:8      | Slain by a yak

Vault maps used:
D:1:      evilmike_arrival_crescent
D:2:      nicolae_overflow_hidden_temple, lemuel_round_altar, first_bread
D:3:      minmay_goblin_kobold_house
D:4:      kennysheep_ying_yang, minmay_misc_feat_plants, kennysheep_dice,
          uniq_eustachio, uniq_robin
D:5:      serial_shops, shop
D:6:      dancing_weapons_uskayaw
D:7:      serial_shops, nicolae_shop_stone
D:8:      nicolae_gozag_zags_fifth_avenue, serial_shops, shop
D:9:      david_lair_shrubbed, serial_shops, shop,
          lemuel_mausoleum_altar_yredelemnul, uniq_prince_ribbit1, uniq_pikel

Skill      XL: |  1  2  3  4  5  6  7  8  9 10 |
---------------+-------------------------------+-----
Dodging        | 3 4 5 6 7 |  7.0
Maces & Flails | 5 6 7 9 10 13 | 13.4
Fighting       | 5 6 7 8 10 | 10.5

Action                   |  1- 3 |  4- 6 |  7- 9 | 10-12 || total
-------------------------+-------+-------+-------+-------++-------
Melee: Hand axe          |    75 |    34 |       |       ||   109
       Mace              |     2 |       |       |       ||     2
       Flail             |       |    63 |       |       ||    63
       Giant spiked club |       |    48 |   283 |    25 ||   356
Invok: Berserk           |     1 |     4 |     6 |     1 ||    12
  Use: Scroll            |       |    13 |     8 |       ||    21
       Potion            |       |     1 |     1 |       ||     2
 Stab: Sleeping          |     1 |       |       |       ||     1
  Eat: Chunk             |     1 |    10 |    27 |     2 ||    40
Armor: Animal skin       |    34 |    31 |    87 |     6 ||   158
Dodge: Dodged            |    64 |    88 |   244 |    23 ||   419
